 Dungeon Crawl Stone Soup version 0.30-a0-170-g85af917532 (webtiles) character file.

Game seed: 4900449376894994999

88 RepoMan the Poker (level 4, -11/33 HPs)
             Began as a Mummy Warper on Oct 1, 2022.
             Killed by divine providence
             ... invoked by an orc priest
              (15 damage)
             ... on level 3 of the Dungeon.
             The game lasted 00:09:06 (2524 turns).

RepoMan the Poker (Mummy Warper)                    Turns: 2524, Time: 00:09:06

Health: -11/33     AC:  3    Str: 16    XL:     4   Next: 29%
Magic:  8/8        EV: 11    Int: 12    God:
Gold:   121        SH:  0    Dex: 11    Spells: 6/8 levels left

rFire   x . .      SeeInvis .    a - +0 spear
rCold   + . .      Faith    +    (no shield)
rNeg    + + +      Spirit   .    b - +0 leather armour
rPois   ∞          Reflect  .    (no helmet)
rElec   .          Harm     .    (no cloak)
rCorr   .          Rampage  .    (no gloves)
Will    .....                    (no boots)
Stlth   +.........               (no amulet)
HPRegen 0.11/turn                (no ring)
MPRegen 0.11/turn                (no ring)

@: weak-willed
A: cold resistance 1, negative energy resistance 3, torment resistance 2, heat
vulnerability 1, in touch with death 1, no potions, faith
a: no special abilities


You were on level 3 of the Dungeon.
You visited 1 branch of the dungeon, and saw 3 of its levels.

You collected 121 gold pieces.

Inventory:

Hand Weapons
 a - a +0 spear (weapon)
Missiles
 d - 7 boomerangs of dispersal (quivered)
 e - 3 poisoned darts
 g - 3 datura-tipped darts
Armour
 b - a +0 leather armour (worn)
 c - a +0 ring mail
Scrolls
 f - a scroll of torment
 i - a scroll of butterflies
 j - a scroll of vulnerability


   Skills:
 - Level 2.0 Fighting
 + Level 3.7 Polearms
 - Level 0.7 Throwing
 - Level 0.7 Armour
 - Level 1.5 Dodging
 + Level 2.8 Spellcasting
 + Level 2.4 Translocations


You had 6 spell levels left.
You knew the following spells:

 Your Spells              Type           Power      Damage    Failure   Level
b - Blink                 Tloc           14%        N/A       17%         2

Your spell library contained the following spells:

 Spells                   Type           Power      Damage    Failure   Level
 Gell's Gravitas          Tloc           7%         N/A       32%         3
 Lesser Beckoning         Tloc           7%         N/A       32%         3
 Teleport Other           Tloc           7%         N/A       32%         3
 Manifold Assault         Tloc           7%         N/A       73%         4


Dungeon Overview and Level Annotations

Branches:
Dungeon (3/15)

Altars:

Annotations:
D:2 1 runed translucent door, Crazy Yiuf


Innate Abilities, Weirdness & Mutations

You are immune to poison.
Your flesh is cold resistant. (rC+)
You are immune to negative energy. (rN+++)
You are immune to unholy pain and torment.
You are vulnerable to heat. (rF-)
You are in touch with the powers of death.
You do not drink.
You have a special connection with the divine. (Faith)


Message History

Press: ? - help, Dir - move target, f - orc
Aim: an orc, wielding a +0 club (about 40% to evade your +0 spear)
You reach to attack!
You hit the orc.
You kill the orc!
Unknown command.
The orc priest calls down the wrath of Beogh upon you.
Beogh smites you!
Unknown command.
Okay, then.
As you read the scroll labelled YVAPHATAJETH, it crumbles to dust.
You feel a surge of unholy energy.
It was a scroll of torment.
As you read the scroll labelled YHUXUG PIP, it crumbles to dust.
Magic quickly surges around you.
It was a scroll of vulnerability.
Okay, then.
You hit the orc priest.
The orc priest is almost dead.
The orc priest barely misses you.
You hit the orc priest but do no damage.
The orc priest is almost dead.
An orc wizard comes into view. It is wielding a +0 dagger.
The orc priest hits you but does no damage.
You barely miss the orc priest.
The orc priest is almost dead.
The orc priest looks encouraged for a moment.
You closely miss the orc priest.
The orc priest is almost dead.
The orc priest hits you with a +0 dagger.
The orc wizard casts a spell at you. The magic dart hits you!
* * * LOW HITPOINT WARNING * * *
Unknown command.
You closely miss the orc priest.
The orc priest is almost dead.
The orc priest barely misses you.
As you read the scroll labelled LYNTIA QIAC JIFI, it crumbles to dust.
It is a scroll of identify.
i - a scroll of butterflies The orc priest calls down the wrath of Beogh upon you.
Beogh smites you!
You die...

........# #### #.###o#
##.####<..
#.##)#.S.............<.
#.#.###.###.# #.####.##
#..## #.##. #.# #.#
#o## #.. #.# #.# ##.##
#o### #.# #.# ##.###.#
#.# #.# ##.#@# #.# #.#
##o#########.####.#
#...(............#
#..########.######
#...........#
##.########## #.# #.#
#.#


You could see an orc priest and an orc wizard.

Vanquished Creatures
  Natasha (D:2)
  An adder (D:3)
  2 dart slugs (D:1)
  An orc (D:3)
  2 ball pythons (D:2)
  6 bats (D:1)
  6 endoplasms
  5 giant cockroaches
  4 goblins
  7 hobgoblins
  A quokka (D:1)
  A frilled lizard (D:2)
  A kobold (D:2)
  7 rats
45 creatures vanquished.

Vanquished Creatures (others)
  4 fungi (D:3)
  5 plants (D:3)
9 creatures vanquished.

Grand Total: 54 creatures vanquished

Notes
Turn   | Place    | Note
-------+----------+-------------------------------------------
     0 | D:1      | RepoMan the Mummy Warper began the quest for the Orb.
     0 | D:1      | Reached XP level 1. HP: 16/16 MP: 4/4
   124 | D:1      | Reached skill level 2 in Polearms
   179 | D:1      | Reached XP level 2. HP: 20/22 MP: 5/5
   745 | D:1      | Gained mutation: You are in touch with the powers of death.
                  | [Mummy growth]
   745 | D:1      | Reached XP level 3. HP: 25/27 MP: 7/7
   796 | D:1      | Reached skill level 3 in Polearms
  1585 | D:2      | Learned a level 2 spell: Blink
  1710 | D:2      | Noticed Natasha
  1753 | D:2      | Killed Natasha
  1754 | D:2      | Reached XP level 4. HP: 11/33 MP: 8/8
  1999 | D:2      | Found a runed translucent door.
  2000 | D:2      | Noticed Crazy Yiuf
  2524 | D:3      | Killed from afar by an orc priest

Illustrated notes

Levels and vault maps discovered:
D:1:      shiori_arrival_elements, layout_rooms
D:2:      layout_loops_ring, patterned_corridor, uniq_crazy_yiuf_cottage,
          uniq_natasha
D:3:      layout_loops_ring, ashenzari_altar_1,
          dreamdust_ecumenical_altar_hidden_monk_grotto

Skill      XL: |  1  2  3 |
---------------+----------+-----
Polearms       | 2 3 |  3.7
Fighting       | |  2.0
Throwing       | |  0.7
Armour         | |  0.7
Dodging        | |  1.5
Spellcasting   | |  2.8
Translocations | |  2.4

Action                   |  1- 3 |  4- 6 || total
-------------------------+-------+-------++-------
Melee: Spear             |   200 |    32 ||   232
       Punch             |     1 |     1 ||     2
Throw: Dart              |     3 |     1 ||     4
  Use: Scroll            |     1 |     3 ||     4
 Stab: Sleeping          |     3 |       ||     3
Armor: Leather armour    |    28 |     5 ||    33
Dodge: Dodged            |    92 |    12 ||   104

Table legend: (Time is in decaauts)
 A = Elapsed time spent in this place.
 B = Non-inter-level travel time spent in this place.
 C = Inter-level travel time spent in this place.
 D = Time resting spent in this place.
 E = Time spent auto-exploring this place.
 F = Levels seen in this place.
 G = Mean time per level.
                   A        B        C        D        E       F      G
               +--------+--------+--------+--------+--------+-----+--------+
         Total |   2514 |   2431 |     83 |    692 |   1108 |   3 |  838.0 |
       Dungeon |   2514 |   2431 |     83 |    692 |   1108 |   3 |  838.0 |
               +--------+--------+--------+--------+--------+-----+--------+

Top non-repeatable levels by time:
     D:1: 1291 daAuts
     D:2: 1112 daAuts
     D:3: 110 daAuts
